 Dungeon Crawl Stone Soup version 0.31-a0-1002-g8e65716e6e (webtiles) character file.

Game seed: 2742680091878852298

53189 Majang the Grappler (level 14, -1/140 HPs)
             Began as a Troll Berserker on Nov 9, 2023.
             Was the Champion of Trog.
             Slain by a ten-headed hydra (12 damage)
             ... on level 5 of the Lair of Beasts.
             The game lasted 01:31:36 (14040 turns).

Majang the Grappler (Troll Berserker)              Turns: 14040, Time: 01:31:36

Health: -1/140     AC:  7    Str: 30    XL:     14   Next: 29%
Magic:  13/13      EV: 13    Int:  5    God:    Trog [******]
Gold:   576        SH:  0    Dex: 15    Spells: 13/13 levels left

rFire   . .          .
                       - Unarmed
rCold   . . .        (no shield)
rNeg    . . .        P - +0 steam dragon scales
rPois   .            (helmet currently unavailable)
rElec   .            K - melded +1 cloak
rCorr   .            (gloves unavailable)
SInv    .            (boots unavailable)
Will    +....        c - amulet of the acrobat
Stlth   +            R - +6 ring of dexterity
HPRegen 1.23/turn    D - +4 ring of slaying
MPRegen 0.13/turn

%: acrobat
@: beast-form
A: beast (slay +4), large, unfitting armour, claws 3, regeneration 1, shaggy fur
1, tough skin 1
a: Begin Untransformation, Renounce Religion, Berserk, Trog's Hand, Brothers in
Arms


You were on level 5 of the Lair of Beasts.
You worshipped Trog.
Trog was exalted by your worship.
You were a hulking beast.
You visited 3 branches of the dungeon, and saw 17 of its levels.
You also visited: Ossuary and Bailey.

You collected 771 gold pieces.
You spent 195 gold pieces at shops.

Inventory:

Hand Weapons
 a - the +9 halberd of Recklessness {flame, Drain rF++ rC+}
   (Trog gifted it to you on level 2 of the Lair of Beasts)

   rF++:      It greatly protects you from fire.
   rC+:       It protects you from cold.
   Drain:     It drains your maximum health when unequipped.
 g - a +4 triple sword of flaming
Missiles
 m - 6 javelins
 x - 29 boomerangs (quivered)
 M - 2 silver javelins
Armour
 t - a +1 troll leather armour
 A - the +1 robe "Matoe" {+Inv Will+ Str+3}
   (You found it on level 6 of the Dungeon)

   Str+3:     It affects your strength (+3).
   Will+:     It increases your willpower.
   +Inv:      It lets you turn invisible.
 K - a +1 cloak (melded)
 P - +0 steam dragon scales (worn)
Jewellery
 c - an amulet of the acrobat (around neck)
 l - a ring of willpower
 p - the ring "Komehi" {Wiz +Blink MP+9 Dex+3}
   (You found it on level 4 of the Lair of Beasts)

   [ring of wizardry]

   Wiz:       It improves your spell success rate.
   Dex+3:     It affects your dexterity (+3).
   MP+9:      It affects your magic capacity (+9).
   +Blink:    It lets you blink.
 D - a +4 ring of slaying (right claw)
 F - a ring of flight
 O - a ring of magical power
 R - a +6 ring of dexterity (left claw)
Talismans
 N - a beast talisman (active)
Wands
 o - a wand of roots (43)
 E - a wand of flame (32)
 H - a wand of polymorph (8)
 L - a wand of charming (17)
 Q - a wand of light (5)
Scrolls
 b - 2 scrolls of immolation
 f - 2 scrolls of teleportation
 h - 3 scrolls of blinking
 j - a scroll of vulnerability
 w - 2 scrolls of revelation
 y - 2 scrolls of fog
 B - 2 scrolls of amnesia
 C - 2 scrolls of poison
 J - a scroll of fear
 S - a scroll of identify
Potions
 d - 2 potions of mutation
 e - 8 potions of haste
 i - 4 potions of curing
 k - 4 potions of cancellation
 n - 3 potions of invisibility
 q - 5 potions of enlightenment
 r - 7 potions of ambrosia
 s - 4 potions of attraction
 u - 3 potions of brilliance
 v - 2 potions of might
 z - a potion of berserk rage
Miscellaneous
 G - a sack of spiders


   Skills:
 + Level 9.0 Fighting
 + Level 8.9 Throwing
 + Level 8.4 Dodging
 * Level 14.2 Unarmed Combat
 * Level 12.2 Shapeshifting


You had 13 spell levels left.
You didn't know any spells.
Your spell library was empty.

Dungeon Overview and Level Annotations

Branches:
Dungeon (11/15)            Temple (1/1) D:7            Lair (5/5) D:8
 Shoals (0/4) Lair:3        Snake (0/4) Lair:2          Orc (0/2) D:10
Ossuary (visited)          Bailey (visited)
  Slime: Lair:4-5

Altars:
Ashenzari
Cheibriados
Dithmenos
Elyvilon
Fedhas
Gozag
Hepliaklqana
Kikubaaqudgha
Makhleb
Nemelex Xobeh
Okawaru
Qazlal
Ru
Sif Muna
Trog
Uskayaw
Vehumet
Wu Jian
Xom
Yredelemnul
Zin
The Shining One

Shops:
D:6 ?

Annotations:
D:5 2 transporters, Opifex's ghost, weakling AtDe


Innate Abilities, Weirdness & Mutations

You are a hulking beast.
Your limbs bulge with bestial killing power. (Slay +4)
You are too large for most types of armour.
You have claws for hands.
Your natural rate of healing is unusually fast.
You are covered in fur. (AC +1)
You have tough skin. (AC +1)


Message History

The eight-headed hydra bites you but does no damage. x2
The eight-headed hydra bites you.
The eight-headed hydra closely misses you.
The eight-headed hydra barely misses you.
The eight-headed hydra bites you. The eight-headed hydra bites you!
The eight-headed hydra bites you but does no damage. x3
The eight-headed hydra closely misses you.
The eight-headed hydra misses you.
The eight-headed hydra barely misses you.
The eight-headed hydra bites you. x2
You claw one of the eight-headed hydra's heads off!
The seven-headed hydra grows two more!
You claw the nine-headed hydra!
The nine-headed hydra is severely wounded.
Unknown command.
You rip one of the nine-headed hydra's heads off!
The eight-headed hydra grows two more!
You scratch the ten-headed hydra.
The ten-headed hydra is heavily wounded.
The ten-headed hydra bites you. x2; The ten-headed hydra misses you. x2
The ten-headed hydra barely misses you.
The ten-headed hydra bites you but does no damage.
The ten-headed hydra bites you! x2; The ten-headed hydra bites you.
The ten-headed hydra misses you.
Throw: 3 javelins (silver)
Press: ? - help, Shift-Dir - straight line, f/p - ten-headed hydra
Aim: a ten-headed hydra (heavily wounded, 85% to hit)
You throw a silver javelin.
The silver javelin pierces through the ten-headed hydra!!
The ten-headed hydra is almost dead.
The ten-headed hydra bites you! The ten-headed hydra bites you.
The ten-headed hydra bites you!
* * * LOW HITPOINT WARNING * * *
The ten-headed hydra misses you. The ten-headed hydra barely misses you.
The ten-headed hydra bites you!
* * * LOW HITPOINT WARNING * * *
The ten-headed hydra bites you.
* * * LOW HITPOINT WARNING * * *
The ten-headed hydra bites you!
* * * LOW HITPOINT WARNING * * *
The ten-headed hydra bites you!
You die...

........#.... .
......(..#.
............ ...
#.........###...
..#............
#..........P#
#.(.(......#.
#...D........
......#.h........
..... #.†<.......
..#S #.†........
# #.....###......
........ ##....
...#.... ...
.##..... ..
...... . ..8...8


You could see a ten-headed hydra.

Vanquished Creatures
  Nessos (Lair:3)
  3 hydras
  2 catoblepae
  11 death yaks (Lair:4)
  Erica (D:8)
  2 boulder beetles
  Nergalle (Lair:2)
  2 skysharks (Lair:2)
  A fire crab (Lair:4)
  A deep elf pyromancer (D:7)
  An oklob plant (Lair:2)
  2 orc knights (Bailey)
  2 ugly things (D:9)
  A cyclops (D:9)
  12 elephants
  5 black mambas
  2 torpor snails
  11 cane toads
  2 rime drakes
  2 kobold demonologists (D:7)
  8 komodo dragons
  3 trolls
  6 polar bears
  A queen bee (Lair:3)
  4 merfolk (Lair:3)
  7 dream sheep (Lair:3)
  12 blink frogs
  A slime creature (D:9)
  2 wraiths (Ossuary)
  A vampire (D:10)
  2 wyverns
  44 yaks
  2 basilisks
  3 nagas (Lair:2)
  16 water moccasins
  4 orc warriors
  2 ice beasts
  2 black bears
  A sky beast (D:7)
  4 ogres
  13 wolves
  A centaur (D:9)
  A phantom (D:6)
  2 kobold brigands
  7 bullfrogs
  A gnoll sergeant (D:10)
  12 wights
  30 killer bees
  5 howler monkeys
  An electric eel (D:8)
  5 hounds
  6 orc priests
  2 iguanas
  A sleepcap (D:5)
  7 orc wizards
  8 gnolls
  6 adders
  2 white imps
  2 ufetubi (D:7)
  A worm (D:2)
  2 dart slugs
  44 orcs
  6 bats
  4 endoplasms
  3 giant cockroaches
  20 goblins
  12 hobgoblins
  2 jackals (D:2)
  24 kobolds
  4 quokkas
  5 ball pythons
  2 ball python skeletons (Ossuary)
  3 frilled lizards
  A hobgoblin zombie (Ossuary)
  2 kobold zombies (Ossuary)
  An orc skeleton (Ossuary)
  2 orc zombies (Ossuary)
  6 rats
446 creatures vanquished.

Vanquished Creatures (collateral kills)
  A black mamba (Lair:2)
  3 cane toads (Lair:2)
  2 komodo dragons (Lair:2)
  A blink frog (Lair:2)
  A steam dragon (Lair:2)
  A bullfrog (Lair:2)
9 creatures vanquished.

Grand Total: 455 creatures vanquished

Notes
Turn   | Place    | Note
-------+----------+-------------------------------------------
     0 | D:1      | Majang the Troll Berserker began the quest for the Orb.
     0 | D:1      | Reached XP level 1. HP: 22/22 MP: 0/0
   221 | D:1      | Reached XP level 2. HP: 29/29 MP: 1/1
   798 | D:2      | Reached XP level 3. HP: 32/36 MP: 2/2
   939 | D:2      | Reached ** piety under Trog
   940 | D:2      | Reached skill level 4 in Unarmed Combat
  1311 | D:3      | Noticed an ogre
  1317 | D:3      | Killed an ogre
  1318 | D:3      | Reached skill level 5 in Unarmed Combat
  1318 | D:3      | Reached XP level 4. HP: 45/45 MP: 3/3
  1318 | D:3      | Reached XP level 5. HP: 53/53 MP: 4/4
  1627 | D:3      | Found a sparkling altar of Nemelex Xobeh.
  2254 | D:4      | Noticed an ogre
  2259 | D:4      | Killed an ogre
  2260 | D:4      | Reached skill level 1 in Shapeshifting
  2260 | D:4      | Reached XP level 6. HP: 61/61 MP: 5/5
  2344 | D:4      | Reached skill level 1 in Throwing
  2448 | D:4      | Reached *** piety under Trog
  2685 | D:5      | Entered Level 5 of the Dungeon
  2693 | D:5      | Noticed Opifex's ghost (weakling AtDe)
  2694 | D:5      | Found a transporter.
  2694 | D:5      | Found a transporter.
  2804 | D:5      | Found a sand-covered staircase.
  2820 | Ossuary  | Entered an ossuary
  2914 | Ossuary  | Noticed a wraith
  2914 | Ossuary  | Noticed a flying skull
  2927 | Ossuary  | Noticed a wraith
  2936 | Ossuary  | Killed a wraith
  2937 | Ossuary  | Reached skill level 6 in Unarmed Combat
  2937 | Ossuary  | Reached XP level 7. HP: 24/68 MP: 6/6
  2997 | Ossuary  | Noticed a flying skull
  3037 | Ossuary  | Noticed a flying skull
  3064 | Ossuary  | Noticed a flying skull
  3072 | Ossuary  | Noticed a wraith
  3084 | Ossuary  | Killed a wraith
  3247 | D:5      | Reached XP level 8. HP: 77/78 MP: 7/7
  3264 | D:5      | Found a glowing silver altar of Zin.
  3444 | D:5      | Found a white marble altar of Elyvilon.
  3620 | D:5      | Found an opulent altar of Gozag.
  4052 | D:6      | Reached skill level 7 in Unarmed Combat
  4387 | D:6      | Identified the +1 robe "Matoe" {+Inv Will+ Str+3}
  4437 | D:6      | Found Heojem's Magic Scroll Shop.
  4557 | D:6      | Bought a scroll of identify for 26 gold pieces
  4557 | D:6      | Bought a scroll of immolation for 52 gold pieces
  4557 | D:6      | Bought a scroll of identify for 26 gold pieces
  4557 | D:6      | Bought a scroll of identify for 26 gold pieces
  4557 | D:6      | Bought a scroll of identify for 26 gold pieces
  4557 | D:6      | Bought a scroll of teleportation for 39 gold pieces
  4584 | D:7      | Reached **** piety under Trog
  4663 | D:7      | Noticed a deep elf pyromancer
  4663 | D:7      | Noticed a kobold demonologist
  4666 | D:7      | Noticed a kobold demonologist
  4669 | D:7      | Killed a kobold demonologist
  4670 | D:7      | Reached skill level 5 in Shapeshifting
  4670 | D:7      | Reached XP level 9. HP: 87/87 MP: 8/8
  4677 | D:7      | Killed a kobold demonologist
  4678 | D:7      | Reached skill level 5 in Fighting
  4681 | D:7      | Killed a deep elf pyromancer
  4682 | D:7      | Reached skill level 8 in Unarmed Combat
  4946 | D:7      | Found an ornate altar of the Wu Jian Council.
  4966 | D:7      | Found a staircase to the Ecumenical Temple.
  4985 | Temple   | Entered the Ecumenical Temple
  6081 | D:8      | Noticed Erica
  6098 | D:8      | Killed Erica
  6099 | D:8      | Reached XP level 10. HP: 69/97 MP: 9/9
  6235 | D:8      | Reached skill level 9 in Unarmed Combat
  6250 | D:8      | Reached skill level 5 in Dodging
  6264 | D:8      | Reached ***** piety under Trog
  6515 | D:8      | Found a staircase to the Lair.
  6588 | D:8      | Found a hide-covered altar of Uskayaw.
  6598 | D:8      | Found an iron altar of Okawaru.
  6858 | D:9      | Reached skill level 5 in Throwing
  6877 | D:9      | Found a flagged portal.
  6909 | Bailey   | Entered a bailey
  6934 | Bailey   | Noticed an orc knight
  6962 | Bailey   | Killed an orc knight
  7161 | Bailey   | Noticed an orc knight
  7177 | Bailey   | Killed an orc knight
  7673 | D:9      | Reached skill level 10 in Unarmed Combat
  7676 | D:9      | Noticed a white ugly thing
  7677 | D:9      | Noticed a purple ugly thing
  7686 | D:9      | Killed a white ugly thing
  7692 | D:9      | Killed a purple ugly thing
  7693 | D:9      | Reached XP level 11. HP: 67/106 MP: 10/10
  7859 | D:9      | Identified the staff of Dismay {rF+ rC- Int+3 Hexes Fire}
  8054 | D:10     | Entered Level 10 of the Dungeon
  8098 | D:10     | Found a hazy altar of Hepliaklqana.
  8098 | D:10     | Found a shimmering blue altar of Sif Muna.
  8098 | D:10     | Found a sacrificial altar of Ru.
  8481 | D:10     | Found a staircase to the Orcish Mines.
  8761 | Gauntlet | Identified the of Bueg
  8761 | Lair:1   | Entered Level 1 of the Lair of Beasts
  8764 | Lair:1   | Received a gift from Trog
  9454 | Lair:1   | Reached skill level 11 in Unarmed Combat
  9782 | Lair:2   | Noticed a boulder beetle
  9782 | Lair:2   | Noticed a skyshark
  9799 | Lair:2   | Noticed a seven-headed hydra
  9804 | Lair:2   | Killed a ten-headed hydra
  9923 | Lair:2   | Reached XP level 12. HP: 65/118 MP: 11/11
 10128 | Lair:2   | Noticed a seven-headed hydra
 10188 | Lair:2   | Killed a four-headed hydra
 10443 | Lair:2   | You fall into a shaft and drop 2 floors!
 10444 | Lair:4   | Noticed a death yak
 10458 | Lair:4   | Killed a death yak
 10462 | Lair:4   | Noticed a death yak
 10472 | Lair:4   | Killed a death yak
 10500 | Lair:4   | Reached skill level 12 in Unarmed Combat
 10550 | Lair:4   | Noticed a death yak
 10551 | Lair:4   | Noticed a death yak
 10551 | Lair:4   | Noticed a death yak
 10564 | Lair:4   | Killed a death yak
 10565 | Lair:4   | Reached skill level 10 in Shapeshifting
 10565 | Lair:4   | Noticed a death yak
 10567 | Lair:4   | Killed a death yak
 10567 | Lair:4   | Noticed a death yak
 10570 | Lair:4   | Noticed a death yak
 10572 | Lair:4   | Killed a death yak
 10577 | Lair:4   | Killed a death yak
 10583 | Lair:4   | Killed a death yak
 10588 | Lair:4   | Killed a death yak
 10839 | Lair:3   | Noticed Nessos
 10859 | Lair:3   | Killed Nessos
 10860 | Lair:3   | Reached XP level 13. HP: 33/127 MP: 12/12
 11194 | Lair:3   | HP: 6/127 [merfolk/+0 trident (23)]
 11197 | Lair:3   | HP: 2/127 [dream sheep (5)]
 11216 | Lair:3   | Reached skill level 13 in Unarmed Combat
 11452 | Lair:2   | Reached ****** piety under Trog
 11538 | Lair:2   | Identified the +9 halberd of Recklessness {flame, Drain
                  | rF++ rC+} (Trog gifted it to you on level 2 of the Lair of
                  | Beasts)
 11538 | Lair:2   | Received a gift from Trog
 11609 | Lair:2   | Noticed Nergalle
 11617 | Lair:2   | Found a staircase to the Snake Pit.
 11621 | Lair:2   | Killed Nergalle
 12593 | Lair:3   | Found a staircase to the Shoals.
 12998 | Lair:3   | Reached XP level 14. HP: 117/137 MP: 13/13
 13456 | Lair:4   | Reached skill level 14 in Unarmed Combat
 13812 | Lair:4   | Identified the ring "Komehi" {Wiz +Blink MP+9 Dex+3}
 13991 | Lair:5   | Entered Level 5 of the Lair of Beasts
 14040 | Lair:5   | Slain by a ten-headed hydra

Illustrated notes

Levels and vault maps discovered:
D:1:      amcnicky_arrival_wind_blow, layout_basic
D:2:      layout_basic, grunt_ministairs_2
D:3:      layout_basic, nemelex_xobeh_ov_fountains_minmay
D:4:      layout_rooms, hex_intersection
D:5:      layout_basic, mainiacjoe_overflow_boulevard, kennysheep_little_box,
          lemuel_coloured_pillars_altar, gammafunk_ghost_smash,
          chequers_ossuary_entry_cave
D:6:      nicolae_cairo_tiling_very_big, layout_gridville,
          nicolae_take_the_stairs
D:7:      layout_cave_pods, kennysheep_mini_moat, minmay_temple_entry_junction,
          serial_library_hellmonk_metal_room
D:8:      layout_layer_cave, amethyst_overflow_temple_binary, erik_lair_island,
          uniq_erica
D:9:      minmay_blocky_corners, layout_irregular_city, enter_bailey_5
D:10:     layout_irregular_city, gammafunk_temple_overflow_forgotten,
          david_orc_2
D:11:     layout_grid_maze, hangedman_incinerator
Temple:   nicolae_temple_x_marks_the_god
Lair:1:   layout_misc_corridors, minmay_stone_trees_small,
          gammafunk_lair_bear_cave
Lair:2:   nzn_winding_woodlands_stair_trap [nzn_winding_woodlands_5x15_cabin,
          nzn_winding_woodlands_5x15_crooked,
          nzn_winding_woodlands_5x15_pockets,
          nzn_winding_woodlands_15x15_killbox,
          nzn_winding_woodlands_5x15_garden,
          nzn_winding_woodlands_5x15_concentric,
          nzn_winding_woodlands_5x15_split_checker], layout_regular_city,
          minmay_snake_entry_guardpost_small, uniq_nergalle
Lair:3:   layout_roguey [special_room_bee], elwin_shoals_entry_stream,
          serial_bayou_shore_a, serial_bayou_shore_b, uniq_nessos
Lair:4:   layout_roguey, infiniplex_staircase_pool_2, grunt_megastairs_4
Lair:5:   minmay_lair_end_enchanted_forest, layout_hall_layers, slime_entry_1,
          grunt_megastairs_2, serial_bayou_shore_b

Skill      XL: |  1  2  3  4  5  6  7  8  9 10 11 12 13 14 |
---------------+-------------------------------------------+-----
Unarmed Combat | 5 6 7 8 10 11 12 13 14 | 14.2
Fighting       | 3 4 5 6 7 8 9 |  9.0
Shapeshifting  | 1 2 3 5 6 7 9 10 11 12 | 12.2
Throwing       | 1 2 3 4 5 6 7 8 |  8.9
Dodging        | 3 4 5 6 7 8 |  8.4

Action                     |  1- 3 |  4- 6 |  7- 9 | 10-12 | 13-15 || total
---------------------------+-------+-------+-------+-------+-------++-------
  Melee: Unarmed           |   102 |   137 |   193 |   430 |   329 ||  1191
         Punch             |     2 |     1 |     5 |    35 |    28 ||    71
         Triple sword      |       |       |       |     3 |       ||     3
  Throw: Boomerang         |       |       |       |    30 |    42 ||    72
         Javelin           |       |       |       |     5 |     1 ||     6
         Large rock        |       |       |       |     3 |     5 ||     8
 Invoke: Berserk           |     1 |     2 |     2 |     5 |     5 ||    15
         Trog's Hand       |       |       |       |       |     2 ||     2
         Brothers in Arms  |       |       |       |       |     1 ||     1
  Evoke: Wand              |       |       |       |     1 |     1 ||     2
         Sack of spiders   |       |       |       |     1 |       ||     1
    Use: Scroll            |       |    12 |     9 |     8 |     2 ||    31
         Potion            |       |       |       |     3 |     5 ||     8
   Stab: Invisible         |       |       |       |       |     1 ||     1
 Armour: Animal skin       |    47 |    88 |    44 |       |       ||   179
         Robe              |       |       |    31 |    90 |       ||   121
         Troll leather arm |       |       |       |   193 |    81 ||   274
         Steam dragon scal |       |       |       |       |   142 ||   142
         Skin              |       |       |       |       |     7 ||     7
  Dodge: Dodged            |    48 |    49 |    78 |   237 |   176 ||   588
   Form: Beast             |       |       |       |     1 |       ||     1

Table legend: (Time is in decaauts)
 A = Elapsed time spent in this place.
 B = Non-inter-level travel time spent in this place.
 C = Inter-level travel time spent in this place.
 D = Time resting spent in this place.
 E = Time spent auto-exploring this place.
 F = Levels seen in this place.
 G = Mean time per level.
                   A        B        C        D        E       F      G
               +--------+--------+--------+--------+--------+-----+--------+
         Total |  14017 |  13072 |    945 |   1843 |   1064 |  19 |  737.7 |
       Dungeon |   8286 |   7669 |    617 |    578 |    760 |  11 |  753.3 |
        Temple |      1 |      1 |      0 |      0 |      0 |   1 |    1.0 |
          Lair |   4918 |   4591 |    327 |   1018 |    274 |   5 |  983.6 |
       Ossuary |    388 |    388 |      0 |    134 |      0 |   1 |  388.0 |
        Bailey |    422 |    422 |      0 |    111 |     30 |   1 |  422.0 |
               +--------+--------+--------+--------+--------+-----+--------+

Top non-repeatable levels by time:
     D:8: 1586 daAuts
  Lair:3: 1523 daAuts
  Lair:2: 1471 daAuts
  Lair:4: 1111 daAuts
     D:9: 914 daAuts
     D:7: 824 daAuts
     D:6: 800 daAuts
     D:3: 796 daAuts
  Lair:1: 769 daAuts
     D:5: 747 daAuts
     D:1: 709 daAuts
    D:10: 664 daAuts
     D:2: 645 daAuts
     D:4: 594 daAuts
  Bailey: 422 daAuts
